 Dungeon Crawl Stone Soup version 0.26-a0-50-gc4d14cd (webtiles) character file.

Game seed: 14746651019768505886

145 smeego the Skirmisher (level 5, 0/36 HPs)
             Began as an Octopode Fighter on June 5, 2020.
             Killed from afar by an orc wizard (4 damage)
             ... with a magic dart
             ... on level 3 of the Dungeon.
             The game lasted 00:03:31 (2375 turns).

smeego the Skirmisher (Octopode Fighter)            Turns: 2375, Time: 00:03:32

Health: 0/36       AC:  1    Str: 15    XL:     5   Next: 27%
Magic:  14/14      EV: 12    Int: 11    God:
Gold:   106        SH:  9    Dex: 12    Spells: 4/4 levels left

rFire    . . .     SeeInvis .   a - +0 long sword
rCold    . . .     Gourm    .   b - +0 kite shield
rNeg     . . .     Faith    .   (helmet restricted)
rPois    .         Spirit   .   (no amulet)
rElec    .         Reflect  .   g - ring of magical power
rCorr    .         Harm     .   o - ring of flight
MR       .....                  (no ring)
Stlth    +++.......             (no ring)
HPRegen  0.12/turn              (no ring)
MPRegen  0.14/turn              (no ring)
                                (no ring)
                                (no ring)

@: brilliant, stab
A: almost no armour, stealthy swim, amphibious, 8 rings, constrict 8, camouflage
1, gelatinous body 1
a: Evoke Flight


You were on level 3 of the Dungeon.
You were not hungry.

You visited 1 branch of the dungeon, and saw 3 of its levels.

You collected 106 gold pieces.

Inventory:

Hand Weapons
 a - a +0 long sword (weapon)
 r - a +1 rapier of venom
Armour
 b - a +0 kite shield (worn)
Jewellery
 g - a ring of magical power (left tentacle)
 o - a ring of flight (right tentacle)
Wands
 k - a wand of iceblast (9)
Scrolls
 e - 3 scrolls of identify {unknown}
 f - a scroll of blinking {unknown}
 j - 2 scrolls of remove curse {unknown}
 l - a scroll of enchant armour {unknown}
 m - a scroll of fear {unknown}
 t - a scroll of random uselessness {unknown}
Potions
 c - a potion of might
 s - a potion of mutation {unknown}
Comestibles
 d - 9 rations
 p - 7 chunks of flesh


   Skills:
 + Level 3.4 Fighting
 * Level 3.4 Long Blades
 + Level 3.4 Dodging
 + Level 2.0 Stealth
 + Level 3.4 Shields
 + Level 1.4 Unarmed Combat
 + Level 1.0 Evocations


You had 4 spell levels left.
You didn't know any spells.
Your spell library was empty.

Dungeon Overview and Level Annotations

Branches:
Dungeon (3/15)

Altars:
Cheibriados
Elyvilon
Nemelex Xobeh
Sif Muna
Trog
Xom

Annotations:
D:3 Sigmund


Innate Abilities, Weirdness & Mutations

You cannot wear most types of armour.
You are very stealthy in the water. (Stealth+)
You are amphibious.
You can wear up to eight rings at the same time.
You can use your tentacles to constrict eight enemies at once.
Your skin changes colour to match your surroundings (Stealth+).
Your rubbery body absorbs attacks. (AC +1, EV +1)


Message History

You are engulfed in a cloud of scalding steam.
* * * LOW HITPOINT WARNING * * *
You constrict the orc wizard. The orc wizard misses you.
The orc wizard begins to cast a cantrip, but forgets the words!
It was a potion of brilliance.
You feel clever all of a sudden.
You constrict the orc wizard. The orc wizard barely misses you.
The orc wizard closely misses you.
You riposte.
You hit the orc wizard.
The orc wizard is heavily wounded.
You release your grip on the orc wizard.
The orc wizard barely misses you.
You riposte.
You miss the orc wizard. You grab the orc wizard.
You squeeze the orc wizard, but do no damage.
Your shield prevents you from hitting the orc wizard.
You squeeze the orc wizard!
The orc wizard is heavily wounded.
You constrict the orc wizard.
The orc wizard gestures at you while chanting.
The magic dart hits you.
You die...

#.##.##.....(.÷.÷...#.....####
#.##.##.#.##.#######.####.....
#.##.##.#.##.# #.# ###..#
#.##.##.#.##.# #.# #..#
#.##.##.#.##.# #.# #..#
#.##.........# #.# #...
#...........## ##### ##.#
#######.#.########..## #.#
#.#.>.#@≈..#8..### #.#
#.....#o≈..'._...#####.#
####..#o≈..#8..#.......#
#..######..########## #..#
#### #..# #..# #..# ######..#


You could see 2 orc wizards.

Vanquished Creatures
  A scorpion (D:2)
  Jessica (D:3)
  An adder (D:2)
  A worm (D:2)
  3 dart slugs
  2 leopard geckos
  A ball python (D:1)
  7 goblins
  9 hobgoblins
  3 jackals (D:3)
  5 bats
  4 frilled lizards (D:1)
  8 kobolds
  2 rats
48 creatures vanquished.

Notes
Turn   | Place    | Note
-------+----------+-------------------------------------------
     0 | D:1      | smeego the Octopode Fighter began the quest for the Orb.
     0 | D:1      | Reached XP level 1. HP: 16/16 MP: 1/1
   226 | D:1      | Reached XP level 2. HP: 18/21 MP: 2/2
   577 | D:1      | Reached skill level 1 in Stealth
   796 | D:1      | Reached XP level 3. HP: 26/26 MP: 3/3
  1287 | D:2      | Found a snail-covered altar of Cheibriados.
  1330 | D:2      | Found a sparkling altar of Nemelex Xobeh.
  1330 | D:2      | Found a white marble altar of Elyvilon.
  1331 | D:2      | Found a bloodstained altar of Trog.
  1341 | D:2      | Found a shimmering altar of Xom.
  1713 | D:2      | Noticed a scorpion
  1721 | D:2      | Killed a scorpion
  1721 | D:2      | Reached skill level 1 in Unarmed Combat
  1721 | D:2      | Reached XP level 4. HP: 31/31 MP: 4/4
  2142 | D:3      | Noticed Sigmund
  2184 | D:3      | Noticed Jessica
  2193 | D:3      | Killed Jessica
  2193 | D:3      | Reached skill level 1 in Evocations
  2193 | D:3      | Reached XP level 5. HP: 26/36 MP: 5/5
  2353 | D:3      | Found a shimmering blue altar of Sif Muna.
  2375 | D:3      | Killed from afar by an orc wizard

Illustrated notes

Levels and vault maps discovered:
D:1:      dpeg_arrival_arbitrary_c, layout_basic, serial_forest,
          infiniplex_forest_clump_medium, infiniplex_forest_straight_5,
          infiniplex_forest_end_2, infiniplex_forest_lined_1,
          infiniplex_forest_end_3, infiniplex_forest_straight_4,
          minmay_statues_item
D:2:      layout_loops_ring, nicolae_overflow_quartered_altars,
          cheibriados_altar_1
D:3:      layout_loops_ring, led_sif_book, uniq_sigmund, uniq_jessica

Skill      XL: |  1  2  3  4 |
---------------+-------------+-----
Stealth        | 1 2 |  2.0
Long Blades    | 3 |  3.4
Unarmed Combat | 1 |  1.4
Evocations     | 1 |  1.0
Fighting       | |  3.4
Dodging        | |  3.4
Shields        | |  3.4

Action                   |  1- 3 |  4- 6 || total
-------------------------+-------+-------++-------
Melee: Long sword        |    65 |    30 ||    95
       Constrict         |    16 |    11 ||    27
       Tentacles         |    13 |     5 ||    18
  Use: Potion            |       |     4 ||     4
 Stab: Sleeping          |     3 |       ||     3
  Eat: Chunk             |     2 |     3 ||     5
Armor: Skin              |     5 |       ||     5
Dodge: Dodged            |    27 |    18 ||    45
Block: Kite shield       |    32 |    18 ||    50
       Rpst.: Long sword |     9 |     5 ||    14

Table legend:
 A = Non-vault XP
 B = Vault XP
 C = Vault XP percentage of total XP
 D = Non-vault monster count
 E = Vault monster count
 F = Vault count percentage of total count
                 A         B        C        D         E       F
            +---------+---------+-------+---------+---------+-------
      Total |     171 |      37 |  17.8 |      47 |       1 |   2.1
            +---------+---------+-------+---------+---------+-------
        D:1 |      38 |       0 |   0.0 |      22 |       0 |   0.0
        D:2 |     121 |       0 |   0.0 |      20 |       0 |   0.0
        D:3 |      12 |      37 |  75.5 |       5 |       1 |  16.7
            +---------+---------+-------+---------+---------+-------
